cohdb
Replays
Latest Replays
All Replays
Popular Replays
Top Player Replays
Match Explorer
How It Works
Community
CoH3 Stats
Reddit
Sign in to upload your games and track your stats! →
Sign in with Steam
Match 47416162
Unlisted
Match 47416162
Overview
Messages
Build Orders
End
Kettenkrad Recon Vehicle
Selects Breakthrough Battlegroup
Construct Infanterie Kompanie
Grenadier Squad
Selects Assault Grenadiers
MG 42 Machine Gun Team
Grenadier Squad
Infanterie Officer Quarters
GrW 34 Mortar Team
Medical Bunker
MG 42 Bunker
Construct Panzergrenadier Kompanie
MG 42 Bunker
Pak 40 Anti-tank Gun Team
MG 42 Bunker
Panzergrenadier Squad
Support Elements
Selects 2.5-tonne Cargo Truck
Selects Blitzkrieg
2.5-tonne Cargo Truck
StuG III G Assault Gun
StuG III G Assault Gun
Selects Assault Grenadiers
xXx_rayL33jean_xXx_42()
FD5797
OKW 1st Guards Motor
nas-WER
lengfeng988
不太彳亍
花海魔术师
ZeroGhost
0
0
Comments
sign in to comment!
No comments posted yet!